TOP OF THE 1ST |
Las Vegas 51s batting - Pitching for El Paso Chihuahuas : RHP Jorge Guerrero
|
Pitching: RHP Jorge Guerrero
|
|
Batting: LHB Jose Chavez
|
0-0: Ball 1-0: Ball 2-0: Called Strike 2-1: Ground out 6-3 (Groundball, 6, EV 85.6 MPH)
|
Batting: LHB Elmo Dreier
|
0-0: Ground out 4-3 (Groundball, 4D, EV 85.0 MPH)
|
Batting: RHB Josh Jones
|
0-0: Ground out 4-3 (Groundball, 4, EV 91.9 MPH)
|
Top of the 1st over - 0 runs, 0 hits, 0 errors, 0 left on base; Las Vegas 0 - El Paso 0 |
BOTTOM OF THE 1ST |
El Paso Chihuahuas batting - Pitching for Las Vegas 51s : RHP David Anzaldua
|
Pitching: RHP David Anzaldua
|
|
Batting: RHB Itsuo Yoshioka
|
0-0: Foul Ball, location: 2F 0-1: Ball 1-1: Called Strike 1-2: Strikes out swinging
|
Batting: RHB Rodolfo Rivera
|
0-0: Called Strike 0-1: Ball 1-1: Fly out, F9 (Flyball, 89M, EV 93.1 MPH)
|
Batting: LHB Chris Moody
|
0-0: Ball 1-0: Foul Ball, location: 2F 1-1: Called Strike 1-2: Foul Ball, location: 2F 1-2: Foul Ball, location: 2F 1-2: Foul Ball, location: 2F 1-2: Ball 2-2: Fly out, F1 (Popup, 15, EV 69.4 MPH)
|
Bottom of the 1st over - 0 runs, 0 hits, 0 errors, 0 left on base; Las Vegas 0 - El Paso 0 |
TOP OF THE 2ND |
Las Vegas 51s batting - Pitching for El Paso Chihuahuas : RHP Jorge Guerrero
|
Batting: RHB Masaya Nakamura
|
0-0: Ground out 4-3 (Groundball, 34, EV 81.9 MPH)
|
Batting: SHB Jason Evans
|
0-0: Ball 1-0: Swinging Strike 1-1: Ball 2-1: Foul Ball, location: 2F 2-2: Strikes out looking
|
Batting: RHB Bobby Coulombe
|
0-0: Called Strike 0-1: Ball 1-1: Ball 2-1: SINGLE (Line Drive, 56D, EV 105.0 MPH)
|
Batting: RHB Bobby Mabrey
|
0-0: Called Strike 0-1: Fly out, F8 (Flyball, 8LD, EV 100.0 MPH)
|
Top of the 2nd over - 0 runs, 1 hit, 0 errors, 1 left on base; Las Vegas 0 - El Paso 0 |
BOTTOM OF THE 2ND |
El Paso Chihuahuas batting - Pitching for Las Vegas 51s : RHP David Anzaldua
|
Batting: RHB Antonio Medina
|
0-0: Ground out 6-3 (Groundball, 6, EV 92.5 MPH)
|
Batting: LHB Joseph Martin
|
0-0: Ball 1-0: Ball 2-0: Foul Ball, location: 2F 2-1: SINGLE (Line Drive, 78M, EV 89.4 MPH)
|
Batting: RHB Danny Bunn
|
0-0: Ball Passed Ball! Joseph Martin to second 1-0: Fly out, F9 (Line Drive, 9, EV 111.9 MPH) Runner from 2nd tags up, SAFE at 3rd with throw by RF
|
Batting: RHB Kiril Emeshin
|
0-0: SINGLE (Groundball, 4MD, EV 102.5 MPH) Joseph Martin scores
|
Batting: LHB Doug Barr
|
0-0: 2-RUN HOME RUN (Line Drive, 89XD, EV 114.4 MPH), Distance : 444 ft
|
Batting: RHB Tim Seggerman
|
0-0: Ball 1-0: Foul Ball, location: 2F 1-1: Called Strike 1-2: Strikes out swinging
|
Bottom of the 2nd over - 3 runs, 3 hits, 0 errors, 0 left on base; Las Vegas 0 - El Paso 3 |
TOP OF THE 3RD |
Las Vegas 51s batting - Pitching for El Paso Chihuahuas : RHP Jorge Guerrero
|
Batting: RHB David Stayton
|
0-0: Ball 1-0: Ball 2-0: Reached on error, E5 (Groundball, 56, EV 105.0 MPH)
|
Batting: RHB Gang-sheng Chew
|
0-0: Called Strike 0-1: Ball 1-1: Grounds into double play, 6-4-3 (Groundball, 6, EV 82.5 MPH)
|
Batting: LHB Jose Chavez
|
0-0: Ball 1-0: SINGLE (Groundball, 6MS, EV 73.8 MPH) (infield hit)
|
Batting: LHB Elmo Dreier
|
0-0: Called Strike 0-1: Ball 1-1: Swinging Strike 1-2: Ball 2-2: Strikes out swinging
|
Top of the 3rd over - 0 runs, 1 hit, 1 error, 1 left on base; Las Vegas 0 - El Paso 3 |
BOTTOM OF THE 3RD |
El Paso Chihuahuas batting - Pitching for Las Vegas 51s : RHP David Anzaldua
|
Batting: RHB Itsuo Yoshioka
|
0-0: Ball 1-0: Ball 2-0: Ball 3-0: Base on Balls
|
Batting: RHB Rodolfo Rivera
|
0-0: Ball Itsuo Yoshioka steals 2nd base (no throw) 1-0: Ball 2-0: Ground out 6-3 (Groundball, 6, EV 80.6 MPH) Itsuo Yoshioka to third
|
Batting: LHB Chris Moody
|
0-0: Ball 1-0: Ball 2-0: Called Strike 2-1: Called Strike 2-2: Foul Ball, location: 2F 2-2: Ground out 4-3 (Groundball, 4, EV 103.8 MPH) Itsuo Yoshioka scores
|
Batting: RHB Antonio Medina
|
0-0: Foul Ball, location: 2F 0-1: Foul Ball, location: 2F 0-2: Strikes out looking
|
Bottom of the 3rd over - 1 run, 0 hits, 0 errors, 0 left on base; Las Vegas 0 - El Paso 4 |
TOP OF THE 4TH |
Las Vegas 51s batting - Pitching for El Paso Chihuahuas : RHP Jorge Guerrero
|
Batting: RHB Josh Jones
|
0-0: Ball 1-0: Ball 2-0: SINGLE (Groundball, 34S, EV 68.8 MPH) (infield hit)
|
Batting: RHB Masaya Nakamura
|
0-0: Fly out, F2 (Popup, 2RF, EV 85.0 MPH)
|
Batting: SHB Jason Evans
|
0-0: Called Strike 0-1: Ground out 4-3 (Groundball, 4S, EV 62.5 MPH) Josh Jones to second
|
Batting: RHB Bobby Coulombe
|
0-0: Ball 1-0: Ball 2-0: Called Strike 2-1: Foul Ball, location: 2F 2-2: Fly out, F7 (Flyball, 7, EV 76.2 MPH)
|
Top of the 4th over - 0 runs, 1 hit, 0 errors, 1 left on base; Las Vegas 0 - El Paso 4 |
BOTTOM OF THE 4TH |
El Paso Chihuahuas batting - Pitching for Las Vegas 51s : RHP David Anzaldua
|
Batting: LHB Joseph Martin
|
0-0: Ball 1-0: Called Strike 1-1: Fly out, F9 (Flyball, 9D, EV 86.9 MPH)
|
Batting: RHB Danny Bunn
|
0-0: Hit by Pitch
|
Batting: RHB Kiril Emeshin
|
0-0: Ball 1-0: Foul Ball, location: 2F 1-1: Foul Ball, location: 2F 1-2: Grounds into double play, 4-6-3 (Groundball, 34, EV 85.0 MPH)
|
Bottom of the 4th over - 0 runs, 0 hits, 0 errors, 0 left on base; Las Vegas 0 - El Paso 4 |
TOP OF THE 5TH |
Las Vegas 51s batting - Pitching for El Paso Chihuahuas : RHP Jorge Guerrero
|
Batting: RHB Bobby Mabrey
|
0-0: Ground out 5-3 (Groundball, 56S, EV 77.5 MPH)
|
Batting: RHB David Stayton
|
0-0: SINGLE (Line Drive, 6D, EV 96.9 MPH)
|
Batting: RHB Gang-sheng Chew
|
0-0: Grounds into double play, 5-4-3 (Groundball, 5, EV 87.5 MPH)
|
Top of the 5th over - 0 runs, 1 hit, 0 errors, 0 left on base; Las Vegas 0 - El Paso 4 |
BOTTOM OF THE 5TH |
El Paso Chihuahuas batting - Pitching for Las Vegas 51s : RHP David Anzaldua
|
Pitching: RHP Hugo Valentin
|
|
Batting: LHB Doug Barr
|
0-0: Ground out 4-3 (Groundball, 4, EV 102.5 MPH)
|
Batting: RHB Tim Seggerman
|
0-0: Called Strike 0-1: Ball 1-1: Foul Ball, location: 2F 1-2: Strikes out swinging
|
Batting: RHB Itsuo Yoshioka
|
0-0: Ball 1-0: Called Strike 1-1: Ground out 5-3 (Groundball, 56, EV 103.8 MPH)
|
Bottom of the 5th over - 0 runs, 0 hits, 0 errors, 0 left on base; Las Vegas 0 - El Paso 4 |
TOP OF THE 6TH |
Las Vegas 51s batting - Pitching for El Paso Chihuahuas : RHP Jorge Guerrero
|
Batting: LHB Jose Chavez
|
0-0: Ground out U3 (Groundball, 3L, EV 88.8 MPH)
|
Batting: LHB Elmo Dreier
|
0-0: Swinging Strike 0-1: Swinging Strike 0-2: Ball 1-2: Strikes out swinging
|
Batting: RHB Josh Jones
|
0-0: Called Strike 0-1: Ground out 6-3 (Groundball, 6, EV 86.9 MPH)
|
Top of the 6th over - 0 runs, 0 hits, 0 errors, 0 left on base; Las Vegas 0 - El Paso 4 |
BOTTOM OF THE 6TH |
El Paso Chihuahuas batting - Pitching for Las Vegas 51s : RHP Hugo Valentin
|
Batting: RHB Rodolfo Rivera
|
0-0: Called Strike 0-1: Ball 1-1: Swinging Strike 1-2: Foul Ball, location: 2F 1-2: Strikes out swinging
|
Batting: LHB Chris Moody
|
0-0: Ball 1-0: Swinging Strike 1-1: Called Strike 1-2: Foul Ball, location: 2F 1-2: Ball 2-2: Foul Ball, location: 2F 2-2: Strikes out swinging
|
Batting: RHB Antonio Medina
|
0-0: Ball 1-0: Ball 2-0: SINGLE (Groundball, 5D, EV 106.9 MPH)
|
Batting: LHB Joseph Martin
|
0-0: Called Strike 0-1: Swinging Strike 0-2: Ball 1-2: Foul Ball, location: 2F 1-2: Ball 2-2: Ground out U3 (Groundball, 3, EV 78.1 MPH)
|
Bottom of the 6th over - 0 runs, 1 hit, 0 errors, 1 left on base; Las Vegas 0 - El Paso 4 |
TOP OF THE 7TH |
Las Vegas 51s batting - Pitching for El Paso Chihuahuas : RHP Jorge Guerrero
|
Batting: RHB Masaya Nakamura
|
0-0: Swinging Strike 0-1: Swinging Strike 0-2: Ball 1-2: Ball 2-2: Ball 3-2: Strikes out swinging
|
Batting: SHB Jason Evans
|
0-0: Ball 1-0: Ball 2-0: Called Strike 2-1: Foul Ball, location: 2F 2-2: Ground out 6-3 (Groundball, 6M, EV 89.4 MPH)
|
Batting: RHB Bobby Coulombe
|
0-0: Ground out 6-3 (Groundball, 6, EV 96.2 MPH)
|
Top of the 7th over - 0 runs, 0 hits, 0 errors, 0 left on base; Las Vegas 0 - El Paso 4 |
BOTTOM OF THE 7TH |
El Paso Chihuahuas batting - Pitching for Las Vegas 51s : RHP Hugo Valentin
|
Pitching: RHP John Mason
|
|
Batting: RHB Danny Bunn
|
0-0: Ball 1-0: Swinging Strike 1-1: Called Strike 1-2: Ball 2-2: Ground out 1-3 (Groundball, 13, EV 65.0 MPH)
|
Batting: RHB Kiril Emeshin
|
0-0: Ball 1-0: SOLO HOME RUN (Flyball, 7D, EV 99.4 MPH), Distance : 382 ft
|
Batting: LHB Doug Barr
|
0-0: Ground out 6-3 (Groundball, 6, EV 90.0 MPH)
|
Batting: RHB Tim Seggerman
|
0-0: Ball 1-0: Ball 2-0: Ball 3-0: Base on Balls
|
Batting: RHB Itsuo Yoshioka
|
0-0: Ball 1-0: Called Strike 1-1: Ball 2-1: Foul Ball, location: 2F 2-2: Foul Ball, location: 2F 2-2: Foul Ball, location: 2F 2-2: Ball 3-2: Foul Ball, location: 2F 3-2: Ground out 6-3 (Groundball, 6, EV 88.8 MPH)
|
Bottom of the 7th over - 1 run, 1 hit, 0 errors, 1 left on base; Las Vegas 0 - El Paso 5 |
TOP OF THE 8TH |
Las Vegas 51s batting - Pitching for El Paso Chihuahuas : RHP Jorge Guerrero
|
Batting: RHB Bobby Mabrey
|
0-0: Called Strike 0-1: Foul Ball, location: 2F 0-2: Strikes out looking
|
Batting: RHB David Stayton
|
0-0: Ball 1-0: Ball 2-0: Foul Ball, location: 2F 2-1: Called Strike 2-2: Ground out 6-3 (Groundball, 56D, EV 106.2 MPH)
|
Batting: RHB Gang-sheng Chew
|
0-0: Ball 1-0: Foul Ball, location: 2F 1-1: Ball 2-1: Foul Ball, location: 2F 2-2: Strikes out swinging
|
Top of the 8th over - 0 runs, 0 hits, 0 errors, 0 left on base; Las Vegas 0 - El Paso 5 |
BOTTOM OF THE 8TH |
El Paso Chihuahuas batting - Pitching for Las Vegas 51s : RHP John Mason
|
Batting: RHB Rodolfo Rivera
|
0-0: Swinging Strike 0-1: Swinging Strike 0-2: Strikes out swinging
|
Batting: LHB Chris Moody
|
0-0: Ball 1-0: Called Strike 1-1: Fly out, F4 (Line Drive, 4, EV 70.6 MPH)
|
Batting: RHB Antonio Medina
|
0-0: Ball 1-0: Called Strike 1-1: Ball 2-1: Ground out 6-3 (Groundball, 6, EV 86.9 MPH)
|
Bottom of the 8th over - 0 runs, 0 hits, 0 errors, 0 left on base; Las Vegas 0 - El Paso 5 |
TOP OF THE 9TH |
Las Vegas 51s batting - Pitching for El Paso Chihuahuas : RHP Jorge Guerrero
|
Batting: LHB Jose Chavez
|
0-0: Ball 1-0: Ground out 6-3 (Groundball, 6, EV 110.0 MPH)
|
Batting: LHB Elmo Dreier
|
0-0: Fly out, F4 (Popup, 4, EV 55.0 MPH)
|
Batting: RHB Josh Jones
|
0-0: Called Strike 0-1: Ball 1-1: SINGLE (Line Drive, 6MD, EV 94.4 MPH)
|
Batting: RHB Masaya Nakamura
|
0-0: Ball 1-0: Ball 2-0: Called Strike 2-1: Ground out 1-3 (Groundball, 13S, EV 71.9 MPH)
|
Top of the 9th over - 0 runs, 1 hit, 0 errors, 1 left on base; Las Vegas 0 - El Paso 5 |
|